[Event "Team 45 45 League T54"]
[Site "Internet Chess Club"]
[Date "2012.09.14"]
[Round "5"]
[White "Geeloo"]
[Black "PandorasBox"]
[Result "1/2-1/2"]
[WhiteElo "2041"]
[BlackElo "1898"]
[Opening "French: Tarrasch, closed variation"]
[ECO "C05"]
[Time "16:05:53"]
[TimeControl "2700+45"]

1. e4 e6 2. d4 d5 3. Nd2 Nf6 4. e5 Nfd7 5. Bd3 c5 6. c3 Nc6 7. Ne2 f6 8. exf6
Nxf6 9. Nf3 cxd4 10. cxd4 Bd6 11. Bg5 O-O 12. Nc3 Bd7 13. O-O a6 14. Bh4 Qc7 15.
Bg3 Bxg3 16. hxg3 Rae8 17. Rc1 Qd6 18. Re1 e5 19. dxe5 Nxe5 20. Nxe5 Rxe5 21.
Rxe5 Qxe5 22. Qc2 Qh5 23. Be2 Bg4 24. Bd3 Kh8 25. Re1 Bd7 26. Be2 Bg4 27. Bd3
Bd7 28. f3 Qg5 29. g4 Qh4 30. Rf1 Rc8 31. Qf2 Qg5 32. Qd4 Re8 33. Rd1 Qh4 34.
Qf2 Qg5 35. Ne2 Rf8 36. Qd4 Bc6 37. Ng3 Re8 38. Nf5 Nd7 39. Kf2 Qf6 40. Qxf6
Nxf6 41. Nd4 g6 42. a3 a5 43. Rc1 Rc8 44. Bb5 Bd7 45. Rxc8+ Bxc8 46. Ke3 Kg7 47.
Kf4 h5 48. g5 Nh7 49. Be8 h4 50. Nb5 h3 51. gxh3 Bxh3 52. b4 axb4 53. axb4 Nf8
54. Ke5 Ne6 55. f4 Nd8 56. Nd4 Nf7+ 57. Bxf7 Kxf7 58. Kxd5 Ke7 59. Kc5 Bg2 60.
Kc4 Be4 61. Ne2 Kd6 62. Nc3 Bg2 63. Kd4 Ke6 64. Nd1 Bc6 65. Ne3 Bh1 66. Kc5 Be4
67. Kb6 Bf3 68. Kc7 Bc6 69. Kb6 Bf3 70. b5 Be2 71. Kc5 Bd3 72. b6 Be4 73. Kd4
Bf3 74. Nc4 Kf5 75. Ke3 Bc6 76. Nd6+ Ke6 77. Nc4 Kf5 78. Ne5 Bd5 79. Nf3 Kg4 80.
Nd4 Bg2 81. Ne6 Bd5 82. Nc7 Bc6 83. Ne6 Bd5 84. Nc5 Bc6 85. Ne4 Kf5 86. Nf6 Ke6
87. Ng8 Ba4 88. Nh6 Bc6 89. Kd4 Ba4 90. Ng4 Kf5 91. Ne5 Kxf4 92. Nxg6+ Kxg5
{Game drawn by mutual agreement} 1/2-1/2

[Event "Team 45 45 League T54"]
[Site "Internet Chess Club"]
[Date "2012.09.15"]
[Round "5"]
[White "Cryptochess"]
[Black "StephenHawking"]
[Result "0-1"]
[WhiteElo "2073"]
[BlackElo "2225"]
[Opening "French: King's Indian attack"]
[ECO "C00"]
[Time "21:10:52"]
[TimeControl "2700+45"]

1. e4 e6 2. d3 c5 3. g3 Nc6 4. Bg2 g6 5. Nf3 Bg7 6. O-O Nge7 7. Nbd2 d6 8. Nh4
O-O 9. f4 Rb8 10. a4 a6 11. Bh3 f5 12. exf5 exf5 13. Bg2 b5 14. axb5 axb5 15.
Re1 Qb6 16. c3 Bd7 17. Nhf3 Ra8 18. Rxa8 Rxa8 19. Ng5 Bf6 20. Kh1 Rf8 21. Qb3+
Kg7 22. Nc4 Qb8 23. Ne3 Nd8 24. Nd5 Nxd5 25. Bxd5 h6 26. Nf3 Qc7 27. c4 b4 28.
d4 Bc6 29. dxc5 dxc5 30. Be3 Re8 31. Rd1 Nb7 32. Kg2 Rd8 33. Bxc6 Rxd1 34. Qxd1
Qxc6 35. b3 Nd6 36. Qd2 Ne4 37. Qa2 Qb7 38. Qa5 g5 39. fxg5 Nxg5 40. Bxg5 hxg5
41. Qxc5 g4 42. Qxf5 gxf3+ 43. Qxf3 Qa7 44. h4 Qa2+ 45. Kh3 Qd2 46. c5 Qc3 47.
Qg4+ Kf7 48. Qd7+ Kf8 49. c6 Be5 50. Qf5+ Ke7 51. Qh7+ Kf6 52. Qh6+ Kf5 53. Qh7+
Kf6 54. Qh6+ Ke7 55. Qh7+ Kd6 56. Qg6+ Kc7 57. Qg8 Kxc6 58. Qe6+ Kc5 59. Qc8+
Kd4 60. Qd7+ Ke4 61. Qh7+ Ke3 62. Qf5 Kd2 63. Qf2+ Kc1 64. h5 Bd4 65. Qa2 Qf3
66. Qa5 Qxb3 67. h6 Qc3 68. h7 b3 69. Qb5 b2 70. Qf1+ Kd2 71. Qg2+ Ke3 72. Qg1+
Ke4 73. Qh1+ Kf5 74. Kh4 Bf6+ 75. Kh5 Ke6 76. Qh3+ Ke7 77. Qf1 Qe5+ 78. Kg4 Qe4+
79. Kh3 Qxh7+ 80. Kg2 Qc2+ 81. Kh3 b1=Q {White resigns} 0-1

[Event "Team 45 45 League T54"]
[Site "Internet Chess Club"]
[Date "2012.09.15"]
[Round "5"]
[White "primerpaso"]
[Black "Legal"]
[Result "1-0"]
[WhiteElo "1945"]
[BlackElo "1974"]
[Opening "English opening"]
[ECO "A16"]
[Time "12:02:15"]
[TimeControl "2700+45"]

1. c4 Nf6 2. Nc3 g6 3. g3 c6 4. Bg2 Bg7 5. e4 O-O 6. Nge2 d6 7. O-O Nbd7 8. d4
e5 9. h3 Qe8 10. Be3 Nh5 11. g4 Nhf6 12. f4 Qe6 13. d5 cxd5 14. f5 Qe8 15. Nxd5
Nxd5 16. Qxd5 Qe7 17. Rad1 Nb6 18. Bxb6 axb6 19. Qxd6 Qxd6 20. Rxd6 Rxa2 21.
Rxb6 Rd8 22. Nc3 Bf8 23. Rb5 Ra6 24. Nd5 Ra7 25. g5 Bd7 26. Nf6+ Kg7 27. Rd5 b6
28. Rfd1 Bc5+ 29. Kh1 Bd4 30. b4 h6 31. h4 hxg5 32. Nxd7 Rdxd7 33. Rxd7 Rxd7 34.
hxg5 gxf5 35. exf5 Rd8 36. Be4 Rh8+ 37. Kg2 Rh4 38. f6+ Kg8 39. Bf5 Rh5 40. Kf3
Rxg5 41. Ke4 Rg2 42. Rd3 Re2+ 43. Kd5 Rf2 44. Rg3+ Kh8 45. Rg5 Rb2 46. Rg3 Rf2
47. Rg5 Rb2 48. Kd6 Ra2 49. Ke7 Ra7+ 50. Kf8 Ra8+ 51. Kxf7 Ra7+ 52. Kg6 Rh7 53.
Be6 e4 54. Rd5 Bxf6 55. Kxf6 Rh6+ 56. Ke5 e3 57. Bg4 Rg6 58. Kf4 {Black resigns}
1-0

[Event "Team 45 45 League T54"]
[Site "Internet Chess Club"]
[Date "2012.09.15"]
[Round "5"]
[White "jofer"]
[Black "Campagnolo"]
[Result "1-0"]
[WhiteElo "2115"]
[BlackElo "2074"]
[Opening "Caro-Kann: Tartakower (fantasy) variation"]
[ECO "B12"]
[Time "16:01:34"]
[TimeControl "2700+45"]

1. e4 c6 2. d4 d5 3. f3 Qb6 4. Nc3 dxe4 5. fxe4 e5 6. Nf3 exd4 7. Nxd4 Be7 8. e5
Bc5 9. Na4 Qa5+ 10. c3 Be7 11. Be2 Qxe5 12. O-O Nf6 13. Bf4 Qa5 14. b4 Qd8 15.
Qb3 O-O 16. Rad1 Bd6 17. Nxc6 Nxc6 18. Bxd6 Re8 19. Bc4 Be6 20. Nc5 Qb6 21. Kh1
Bxc4 22. Qxc4 Rad8 23. Qf4 Qb5 24. a4 Qe2 25. Nxb7 Rd7 26. Nc5 Rdd8 27. Rd3 Qh5
28. b5 Nd5 29. Qf3 Qxf3 30. gxf3 Nce7 31. Bg3 f5 32. Rfd1 Rc8 33. Rxd5 Nxd5 34.
Rxd5 Re3 35. Be5 Rxf3 36. Bd4 g5 37. Rd7 g4 38. Rg7+ Kf8 39. Ne6+ Ke8 40. Bf6
{Black resigns} 1-0

[Event "Team 45 45 League T54"]
[Site "Internet Chess Club"]
[Date "2012.09.12"]
[Round "5"]
[White "TerryMalloy"]
[Black "JustinSane"]
[Result "0-1"]
[WhiteElo "1943"]
[BlackElo "2016"]
[Opening "French: Tarrasch, closed variation"]
[ECO "C05"]
[Time "20:00:24"]
[TimeControl "2700+45"]

1. e4 e6 2. d4 d5 3. Nd2 Nf6 4. e5 Nfd7 5. Bd3 c5 6. c3 Nc6 7. Ne2 a5 8. f4 a4
9. O-O g6 10. Nf3 cxd4 11. cxd4 Nb4 12. Bb5 Qa5 13. Nc3 a3 14. bxa3 Nc6 15. Qb3
Bxa3 16. Bd2 Qa7 17. Bd3 Nxd4 {White resigns} 0-1

[Event "Team 45 45 League T54"]
[Site "Internet Chess Club"]
[Date "2012.09.16"]
[Round "5"]
[White "Killian"]
[Black "jorobo"]
[Result "0-1"]
[WhiteElo "1976"]
[BlackElo "1989"]
[Opening "French: Tarrasch, closed variation"]
[ECO "C05"]
[Time "15:02:55"]
[TimeControl "2700+45"]

1. e4 e6 2. d4 d5 3. Nd2 Nf6 4. e5 Nfd7 5. Bd3 c5 6. c3 Nc6 7. Ne2 Qb6 8. Nf3
cxd4 9. cxd4 f6 10. exf6 Nxf6 11. O-O Bd6 12. a3 O-O 13. b4 e5 14. dxe5 Nxe5 15.
Nxe5 Bxe5 16. Rb1 Ng4 17. Qc2 Rxf2 {White resigns} 0-1

[Event "Team 45 45 League T54"]
[Site "Internet Chess Club"]
[Date "2012.09.15"]
[Round "5"]
[White "justice02"]
[Black "LazyPeon"]
[Result "0-1"]
[WhiteElo "1679"]
[BlackElo "1727"]
[Opening "Benoni defense"]
[ECO "A60"]
[Time "15:02:38"]
[TimeControl "2700+45"]

1. d4 Nf6 2. c4 c5 3. d5 e6 4. dxe6 fxe6 5. Nc3 d5 6. Bg5 d4 7. Ne4 Nbd7 8. e3
e5 9. Bd3 Be7 10. Nxf6+ Nxf6 11. Bxf6 Bxf6 12. Qh5+ g6 13. Qf3 O-O 14. Qd5+ Qxd5
15. cxd5 b5 16. Bxb5 Rb8 17. a4 a6 18. Bd3 Rxb2 19. e4 Bd8 20. Nf3 Ba5+ 21. Kf1
Bg4 22. Bxa6 Bxf3 23. gxf3 Rxf3 24. Be2 Rc3 25. Bg4 Rcc2 26. Be6+ Kg7 27. Kg2
Rxf2+ 28. Kg3 Rg2+ 29. Kh3 c4 30. d6 c3 31. d7 Rgf2 32. Raf1 Rbe2 33. Rxf2 Rxf2
34. Kg3 Rf6 35. Bc4 Rd6 36. Bd3 Rxd7 37. Rb1 Bd8 38. Rb5 Kf6 39. Rc5 Rc7 40. Rd5
Be7 41. Bc2 Rb7 42. Rb5 Rd7 43. a5 d3 44. Rb6+ Kg7 {White resigns} 0-1

[Event "Team 45 45 League T54"]
[Site "Internet Chess Club"]
[Date "2012.09.14"]
[Round "5"]
[White "Buford-Julep"]
[Black "RD1974"]
[Result "1-0"]
[WhiteElo "1644"]
[BlackElo "1606"]
[Opening "English opening"]
[ECO "A05"]
[Time "17:02:09"]
[TimeControl "2700+45"]

1. Nf3 Nf6 2. c4 Nc6 3. d4 d5 4. e3 Bg4 5. Nc3 e5 6. dxe5 Nxe5 7. cxd5 Nxf3+ 8.
gxf3 Bd7 9. e4 a6 10. Be3 Bd6 11. Qd4 Qe7 12. f4 c5 13. Qd3 Ng4 14. e5 Bxe5 15.
fxe5 Nxe5 16. Qe4 f5 17. Qg2 f4 18. O-O-O fxe3 19. d6 Qf7 20. fxe3 O-O-O 21. Be2
Bc6 22. e4 Kb8 23. Rhf1 Qd7 24. Qf2 c4 25. Qf5 Rde8 26. Qxd7 Bxd7 27. Nd5 b5 28.
Nc7 Rc8 29. Nxa6+ Kb7 30. Nc7 Kb6 31. Rd5 Ng6 32. Rf7 Bc6 33. Rd4 Ne5 34. Rxg7
h5 35. Ne6 Nd3+ 36. Bxd3 cxd3 37. Kd2 Rce8 38. Ng5 Re5 39. Nf7 Rhe8 40. Nxe5
Rxe5 41. d7 {Black resigns} 1-0

[Event "Team 45 45 League T54"]
[Site "Internet Chess Club"]
[Date "2012.09.18"]
[Round "5"]
[White "KevinTaylor"]
[Black "losscause"]
[Result "1/2-1/2"]
[WhiteElo "1546"]
[BlackElo "1643"]
[Opening "Torre attack (Tartakower variation)"]
[ECO "D03"]
[Time "20:01:29"]
[TimeControl "2700+45"]

1. d4 d5 2. Nf3 Nf6 3. Bg5 Nbd7 4. Nbd2 h6 5. Bxf6 exf6 6. e4 dxe4 7. Nxe4 Be7
8. Bc4 O-O 9. O-O c5 10. d5 Ne5 11. Bb3 Nxf3+ 12. Qxf3 f5 13. Ng3 g6 14. c4 Qd6
15. Rfe1 Bd7 16. Qe3 Bg5 17. Qe5 Bf4 18. Qxd6 Bxd6 19. Re2 Rfe8 20. Rae1 Rxe2
21. Rxe2 Re8 22. Kf1 Rxe2 23. Kxe2 Kg7 24. Kf3 Kf6 25. h3 Ke5 26. Ne2 Kf6 27.
Bc2 a5 28. b3 Ke5 29. a4 b6 30. Ke3 Kf6 31. Nf4 Bc8 {Game drawn by mutual
agreement} 1/2-1/2

[Event "Team 45 45 League T54"]
[Site "Internet Chess Club"]
[Date "2012.09.13"]
[Round "5"]
[White "SirIvanhoe"]
[Black "palm47"]
[Result "1/2-1/2"]
[WhiteElo "1560"]
[BlackElo "1475"]
[Opening "Pirc defense"]
[ECO "B07"]
[Time "21:01:34"]
[TimeControl "2700+45"]

1. e4 d6 2. d4 Nf6 3. Nc3 g6 4. Be3 a6 5. h3 Bg7 6. Qd2 O-O 7. Bh6 Bxh6 8. Qxh6
e5 9. O-O-O exd4 10. Rxd4 Nc6 11. Rd1 b5 12. f3 Be6 13. Nd5 Bxd5 14. exd5 Nb4
15. a3 Nbxd5 16. Bd3 Re8 17. Ne2 Qe7 18. Ng3 Qe3+ 19. Qxe3 Nxe3 20. Rd2 c5 21.
Ne4 Nxe4 22. Bxe4 d5 23. Bxd5 Nxd5 24. Rxd5 c4 25. Kd2 Re6 26. Re1 {Game drawn
by mutual agreement} 1/2-1/2

[Event "Team 45 45 League T54"]
[Site "Internet Chess Club"]
[Date "2012.09.16"]
[Round "5"]
[White "ScotchYeti"]
[Black "almond123"]
[Result "1-0"]
[WhiteElo "1664"]
[BlackElo "1417"]
[Opening "Ruy Lopez: Wormald (Alapin) attack"]
[ECO "C77"]
[Time "16:09:35"]
[TimeControl "2700+45"]

1. e4 e5 2. Nf3 Nc6 3. Bb5 a6 4. Ba4 Nf6 5. Qe2 b5 6. Bb3 Bc5 7. c3 d6 8. O-O
Bd7 9. Rd1 O-O 10. d4 Bb6 11. Bg5 h6 12. Bh4 exd4 13. cxd4 Bg4 14. d5 Nd4 15.
Qd3 Nxf3+ 16. gxf3 Bh3 17. Nc3 g5 18. Bg3 h5 19. f4 h4 20. Bxh4 Bg4 21. Bxg5
Bxd1 22. Rxd1 Bxf2+ 23. Kxf2 Ng4+ 24. Ke2 f6 25. Bh4 Qe7 26. Rg1 Kh7 27. e5+ Kh8
28. Rxg4 dxe5 29. Qg6 exf4+ 30. Ne4 Rae8 31. Qh6+ Qh7 32. Bxf6+ Rxf6 33. Qxf6+
{Black resigns} 1-0

[Event "Team 45 45 League T54"]
[Site "Internet Chess Club"]
[Date "2012.09.16"]
[Round "5"]
[White "lionking819"]
[Black "elessar"]
[Result "0-1"]
[WhiteElo "1504"]
[BlackElo "1591"]
[Opening "Sicilian: Kan, 5.Nc3"]
[ECO "B43"]
[Time "16:02:26"]
[TimeControl "2700+45"]

1. e4 c5 2. Nf3 e6 3. d4 cxd4 4. Nxd4 a6 5. Nc3 Qc7 6. Be2 b5 7. a3 Bb7 8. f3
Nf6 9. Be3 Nc6 10. O-O Bc5 11. Qd2 Rd8 12. Nb3 Bxe3+ 13. Qxe3 O-O 14. Rad1 Nb8
15. Bd3 d5 16. e5 Nfd7 17. f4 Qb6 18. Qxb6 Nxb6 19. Nd4 g6 20. Rf3 Nc4 21. Bxc4
dxc4 22. Rg3 Nc6 23. Nce2 Ne7 24. Rf1 Nf5 25. Nxf5 exf5 26. Nc3 Rd2 27. Rc1 Rfd8
28. Re3 Rxg2+ 29. Kf1 Rxh2 30. Rg3 Rdd2 31. Nd1 Rxc2 32. Rxc2 Rxc2 33. Re3 Rd2
34. Ke1 Rd3 35. Rxd3 cxd3 36. Nf2 Be4 37. Kd2 f6 38. exf6 Kf7 39. Nxd3 Bxd3 40.
Kxd3 Kxf6 41. Ke3 Ke6 {White resigns} 0-1

[Event "Team 45 45 League T54"]
[Site "Internet Chess Club"]
[Date "2012.09.15"]
[Round "5"]
[White "cepheid"]
[Black "chess-fan"]
[Result "0-1"]
[WhiteElo "1631"]
[BlackElo "1692"]
[Opening "Scotch gambit: Dubois-Réti defense"]
[ECO "C55"]
[Time "23:00:04"]
[TimeControl "2700+45"]

1. e4 e5 2. Nf3 Nc6 3. d4 exd4 4. Bc4 Nf6 5. e5 d5 6. Bb5 Ne4 7. Nxd4 Bd7 8.
Bxc6 bxc6 9. O-O Bc5 10. Nb3 Bb6 11. Qe2 Qh4 12. Be3 O-O 13. f3 Ng5 14. N1d2
Rae8 15. f4 Ne6 16. Rae1 d4 17. Nf3 Qh5 18. Nfxd4 Qxe2 19. Rxe2 Nxd4 20. Bxd4
Bxd4+ 21. Nxd4 c5 22. Nb3 Bb5 23. Ree1 Bxf1 24. Kxf1 c4 25. Nc5 Rd8 26. e6 Rd5
27. e7 Re8 28. Na6 Rd7 29. Kf2 Rdxe7 30. Rxe7 Rxe7 31. Nc5 Kf8 32. b3 cxb3 33.
axb3 f6 34. g4 Kf7 35. c4 Kg6 36. h4 h5 37. g5 Kf5 38. gxf6 gxf6 39. Kf3 Rg7 40.
b4 Rg4 41. Nd3 Rxh4 42. Kg3 Rg4+ 43. Kf3 h4 44. c5 h3 45. Nf2 h2 46. Nh1 Rg1 47.
Kf2 Rxh1 48. Kg2 Rb1 49. Kxh2 Kxf4 {White resigns} 0-1

[Event "Team 45 45 League T54"]
[Site "Internet Chess Club"]
[Date "2012.09.15"]
[Round "5"]
[White "ilovechess"]
[Black "Gilguli"]
[Result "1-0"]
[WhiteElo "1441"]
[BlackElo "1469"]
[Opening "Latvian: Fraser defense"]
[ECO "C40"]
[Time "17:00:19"]
[TimeControl "2700+45"]

1. e4 e5 2. Nf3 f5 3. Nxe5 Nc6 4. Qh5+ g6 5. Nxg6 Nf6 6. Qh4 Rg8 7. Nxf8 Rg4 8.
Qh6 Rxe4+ 9. Kd1 Ng4 10. Qh5+ Kxf8 11. Qxf5+ Kg7 12. d3 d5 13. Qf3 Nxf2+ 14.
Qxf2 Bg4+ 15. Kd2 Qg5+ 16. Kc3 d4+ 17. Qxd4+ Nxd4 18. Bxg5 Nb5+ 19. Kb3 Be6+ 20.
c4 Re1 21. a4 Nd4+ 22. Kc3 c5 23. Kd2 Re5 24. Bf4 Rf5 25. Ke3 Nc2+ 26. Ke4 Raf8
27. Be5+ Kg8 28. Ra2 Rxf1 29. Rxf1 Rxf1 30. Nc3 Bf5+ 31. Kd5 Nb4+ 32. Kd6 Nxa2
33. Nxa2 Bxd3 34. Kxc5 Ra1 35. Nc3 Rc1 36. Kd4 Bf1 37. g3 Rc2 38. Ne4 Rxc4+ 39.
Ke3 Rxa4 40. Nc3 Rb4 41. Nd5 Rxb2 42. Bxb2 Kf7 43. Bd4 a5 44. Nb6 Bh3 45. Bc3
Ke6 46. Bxa5 Kd6 47. Nc4+ Kc5 48. Ne5 b5 49. Bd2 b4 50. Nd3+ Kc4 51. Nxb4 {Black
resigns} 1-0

[Event "Team 45 45 League T54"]
[Site "Internet Chess Club"]
[Date "2012.09.19"]
[Round "5"]
[White "crazyhorses"]
[Black "calily"]
[Result "0-1"]
[WhiteElo "1474"]
[BlackElo "1664"]
[Opening "Réti: King's Indian attack, French variation"]
[ECO "C00"]
[Time "12:01:43"]
[TimeControl "2700+45"]

1. e4 e6 2. d3 d5 3. Nd2 Nf6 4. Ngf3 c5 5. g3 Nc6 6. Bg2 Be7 7. O-O O-O 8. Re1
Qc7 9. Nb3 dxe4 10. dxe4 Rd8 11. Qe2 b6 12. Bg5 Bb7 13. e5 Nd5 14. c4 Ndb4 15.
Bxe7 Qxe7 16. a3 Na6 17. h4 Nab8 18. Rad1 Nd7 19. Nc1 Nf8 20. h5 h6 21. Nh4 Nd4
22. Qg4 Bxg2 23. Kxg2 Rd7 24. f4 Rad8 25. f5 exf5 26. Qf4 Nfe6 27. Qf1 Qg5 28.
Nd3 Nc2 29. Nxf5 Nxe1+ 30. Rxe1 Rxd3 31. Nd6 Rxg3+ 32. Kf2 Qf4+ 33. Ke2 Qxe5+
34. Ne4 Qxe4+ 35. Kf2 Qf4+ 36. Ke2 Rd2# {White checkmated} 0-1

[Event "Team 45 45 League T54"]
[Site "Internet Chess Club"]
[Date "2012.09.16"]
[Round "5"]
[White "isolani"]
[Black "Whalen"]
[Result "0-1"]
[WhiteElo "1670"]
[BlackElo "1687"]
[Opening "Queen's pawn game, Krause variation"]
[ECO "D02"]
[Time "16:02:29"]
[TimeControl "2700+45"]

1. d4 d5 2. Nf3 c5 3. e3 Bg4 4. Be2 Nf6 5. O-O Nc6 6. Nbd2 e6 7. h3 Bh5 8. a3
cxd4 9. exd4 Bd6 10. Re1 O-O 11. c3 a6 12. Ne5 Bxe2 13. Qxe2 Nd7 14. Ndf3 Ncxe5
15. dxe5 Be7 16. Bf4 Rc8 17. Rad1 Nb6 18. Nd4 Rc4 19. Qg4 Kh8 20. Rd3 Rg8 21. b3
Rc7 22. a4 Qc8 23. Bd2 Nd7 24. Nf3 Nc5 25. Rde3 Nxb3 26. h4 Rc4 27. Qh5 g6 28.
Qh6 Nxd2 29. Ng5 Bxg5 30. hxg5 Rxc3 31. Qh3 Ne4 32. Qf3 Rxe3 33. Rxe3 Rg7 34.
Qe2 Nxg5 35. f3 h5 36. Qd2 Nh7 37. Rc3 Qd7 38. Qc2 f5 39. Rc8+ Rg8 40. Rc7 Qd8
41. Qc5 b5 42. axb5 axb5 43. Qa7 Nf8 44. Qb7 d4 45. Rc8 Qd7 46. Rc7 Qd5 47. Qa7
d3 48. Qe3 g5 49. Rc8 d2 {White resigns} 0-1

[Event "Team 45 45 League T54"]
[Site "Internet Chess Club"]
[Date "2012.09.17"]
[Round "5"]
[White "ElmerHo"]
[Black "pereelcoix"]
[Result "0-1"]
[WhiteElo "1455"]
[BlackElo "1360"]
[Opening "Caro-Kann: advance variation"]
[ECO "B12"]
[Time "16:00:09"]
[TimeControl "2700+45"]

1. e4 c6 2. d4 d5 3. e5 Bf5 4. Nc3 e6 5. g4 Bg6 6. Nge2 Bb4 7. h4 c5 8. Bd2 cxd4
9. Nxd4 Ne7 10. h5 Nbc6 11. Bb5 O-O 12. hxg6 Nxd4 13. gxh7+ Kh8 14. Bd3 Qc7 15.
f4 f6 16. Nb5 Bxd2+ 17. Qxd2 Nxb5 18. Bxb5 fxe5 19. fxe5 Qxe5+ 20. Qe2 Qxb2 21.
Kd2 Qd4+ 22. Qd3 Rf2+ 23. Ke1 Qxa1+ {White resigns} 0-1

[Event "Team 45 45 League T54"]
[Site "Internet Chess Club"]
[Date "2012.09.14"]
[Round "5"]
[White "spongenotbob"]
[Black "mongmong"]
[Result "1-0"]
[WhiteElo "1898"]
[BlackElo "1622"]
[Opening "Nimzo-Indian defense"]
[ECO "E20"]
[Time "17:19:46"]
[TimeControl "2700+45"]

1. d4 e6 2. c4 Nf6 3. Nc3 Bb4 4. Bf4 d5 5. e3 Ne4 6. Qc2 c6 7. Bd3 Qa5 8. Ne2
Nxc3 9. Nxc3 dxc4 10. Bxc4 Nd7 11. O-O Bxc3 12. Qxc3 Qxc3 13. bxc3 Nf6 14. Rac1
Nd5 15. Bxd5 cxd5 16. c4 dxc4 17. Rxc4 Bd7 18. Rfc1 Bc6 19. f3 Kd7 20. e4 Rhc8
21. Rc5 b6 22. R5c3 Bb5 23. Rc7+ Rxc7 24. Rxc7+ Ke8 25. Bd6 Bd7 26. h3 a5 27.
Rb7 b5 28. Rb8+ Rxb8 29. Bxb8 a4 30. Bd6 h5 31. Kf2 Bc6 32. e5 Bd5 33. a3 Kd7
34. Ke3 Bb3 35. Kf4 Bd1 36. Kg5 g6 37. Kf6 Ke8 38. Kg5 Kd7 39. Kf4 Kc6 40. Bc5
Kd7 41. g4 hxg4 42. fxg4 Kc6 43. Kg5 Kd7 44. h4 Ke8 45. h5 gxh5 46. gxh5 Bc2 47.
h6 f5 {Black resigns} 1-0

[Event "Team 45 45 League T54"]
[Site "Internet Chess Club"]
[Date "2012.09.15"]
[Round "5"]
[White "Manch"]
[Black "drsigmund1"]
[Result "0-1"]
[WhiteElo "1628"]
[BlackElo "1593"]
[Opening "Benko's opening"]
[ECO "A00"]
[Time "13:00:38"]
[TimeControl "2700+45"]

1. g3 d5 2. Bg2 Nf6 3. c4 c6 4. Nc3 e5 5. cxd5 cxd5 6. d3 Bb4 7. a3 Ba5 8. b4
Bb6 9. Bb2 O-O 10. Nf3 e4 11. dxe4 dxe4 12. Ng5 e3 13. fxe3 Bxe3 14. Nf3 Qb6 15.
Na4 Qb5 16. Nd4 Qg5 17. Nc5 Ng4 18. Ne4 Qe7 19. h3 Nf6 20. Qc2 Bd7 21. Nxf6+
Qxf6 22. Rf1 Qe5 23. Nf5 Bxf5 24. Rxf5 Qxg3+ 25. Kd1 Qxg2 26. Qd3 Bb6 27. Kc2
Nc6 28. h4 Rad8 29. Qc4 Nd4+ 30. Bxd4 Bxd4 31. Raf1 Rc8 32. Rc5 Bxc5 33. bxc5
Qxf1 {White resigns} 0-1

[Event "Team 45 45 League T54"]
[Site "Internet Chess Club"]
[Date "2012.09.17"]
[Round "5"]
[White "sdcohle"]
[Black "dscvdchk"]
[Result "0-1"]
[WhiteElo "1418"]
[BlackElo "1539"]
[Opening "Grünfeld: modern exchange variation"]
[ECO "D85"]
[Time "22:00:57"]
[TimeControl "2700+45"]

1. d4 Nf6 2. c4 g6 3. Nc3 d5 4. cxd5 Nxd5 5. e4 Nxc3 6. bxc3 Bg7 7. Nf3 c5 8.
Be2 O-O 9. Be3 cxd4 10. Bxd4 Nc6 11. O-O Nxd4 12. cxd4 Qa5 13. e5 Be6 14. a4 Bd5
15. Rb1 Qc7 16. Qd3 b6 17. Rfc1 Qb7 18. Rc2 Be4 19. Qb3 Bxc2 20. Qxc2 Rac8 21.
Qb2 Rc7 22. Nd2 Rfc8 23. Bd3 Qc6 24. Ba6 Rd8 25. Bc4 e6 26. Qa1 Qd7 27. Qa2 Qxd4
28. Rd1 Rxc4 29. Qb3 Rc3 30. Qb2 Rd3 31. Qxd4 R3xd4 32. Kf1 Rxd2 33. Re1 R8d5
34. f4 R5d4 35. g3 Rxa4 36. h4 Ra3 37. Re3 Rxe3 38. g4 Ra3 39. Ke1 Rb2 40. f5
Ra1# {White checkmated} 0-1

[Event "Team 45 45 League T54"]
[Site "Internet Chess Club"]
[Date "2012.09.16"]
[Round "5"]
[White "rubo"]
[Black "Timotheous"]
[Result "1/2-1/2"]
[WhiteElo "1675"]
[BlackElo "1864"]
[Opening "Bird's opening"]
[ECO "A02"]
[Time "18:00:25"]
[TimeControl "2700+45"]

1. f4 Nf6 2. Nf3 g6 3. b3 Bg7 4. Bb2 c5 5. e3 O-O 6. Be2 d6 7. O-O a6 8. a4 Nc6
9. Na3 Bd7 10. Nc4 Qc7 11. a5 Rab8 12. Ra3 Na7 13. Qa1 Bc6 14. Ra2 Nc8 15. Bc3
Bb5 16. d3 Bxc4 17. bxc4 Na7 18. Rb1 Nc6 19. Rab2 Nb4 20. Rxb4 cxb4 21. Rxb4 Qc5
22. d4 Qc7 23. Nd2 b6 24. axb6 Rxb6 25. Rxb6 Qxb6 26. h3 Nd7 27. Kf2 Ra8 {Game
drawn by mutual agreement} 1/2-1/2

[Event "Team 45 45 League T54"]
[Site "Internet Chess Club"]
[Date "2012.09.13"]
[Round "5"]
[White "supermessi"]
[Black "Portola"]
[Result "0-1"]
[WhiteElo "1610"]
[BlackElo "1675"]
[Opening "QGD: exchange, positional line"]
[ECO "D35"]
[Time "20:00:39"]
[TimeControl "2700+45"]

1. d4 d5 2. c4 e6 3. Nc3 Nf6 4. cxd5 exd5 5. Bg5 Be7 6. e3 c6 7. Bd3 Nbd7 8.
Nge2 O-O 9. O-O Ne4 10. Bxe7 Qxe7 11. Qc2 Ndf6 12. Rac1 Bd7 13. Nf4 Rfe8 14.
Rfe1 Qd6 15. h3 g5 16. Nfe2 Re7 17. Qd1 Rae8 18. Bxe4 Nxe4 19. Nxe4 Rxe4 20. Ng3
Rh4 21. Qf3 Qg6 22. Nf1 Bf5 23. g4 Be4 24. Qg3 Qh6 25. Kh2 Re6 26. Nd2 Rf6 27.
Nxe4 dxe4 28. Qb8+ Kg7 29. Qg3 Rxh3+ 30. Kg2 Rxg3+ 31. fxg3 Rf3 32. Rh1 Qd6 33.
Rh3 Rxe3 34. Rd1 Rd3 35. Rdh1 h6 36. Rf1 Rxd4 37. Kh1 Rd1 38. Rxd1 Qxd1+ 39. Kg2
Qf3+ 40. Kg1 e3 41. Rh2 e2 42. Rxe2 Qxe2 43. b3 Qxg4 44. Kg2 Qe2+ 45. Kg1 f5 46.
b4 f4 47. gxf4 gxf4 48. a4 f3 49. b5 Qg2# {White checkmated} 0-1

[Event "Team 45 45 League T54"]
[Site "Internet Chess Club"]
[Date "2012.09.16"]
[Round "5"]
[White "g8wrb"]
[Black "rahulr"]
[Result "0-1"]
[WhiteElo "1424"]
[BlackElo "1493"]
[Opening "Nimzo-Indian: classical variation"]
[ECO "E32"]
[Time "12:04:20"]
[TimeControl "2700+45"]

1. d4 Nf6 2. c4 e6 3. Nc3 Bb4 4. Qc2 b6 5. e4 d5 6. a3 Bxc3+ 7. bxc3 dxe4 8. Bg5
Bb7 9. Ne2 Nbd7 10. Ng3 h6 11. Bf4 g5 12. Be3 Qe7 13. Be2 c5 14. a4 O-O-O 15. a5
Rdg8 16. axb6 axb6 17. Ra7 h5 18. h3 h4 19. Nf1 Ne8 20. Bg4 f5 21. Be2 f4 22.
Bc1 Nef6 23. Qa4 Kb8 24. Ba3 Ne8 25. Nh2 Nd6 26. Ng4 Kc7 27. dxc5 Nxc5 28. Bxc5
bxc5 29. Qa5+ Kb8 30. Qxc5 Nc8 31. Qxe7 Nxe7 32. Ra3 Ng6 33. O-O Rd8 34. Rb1 Kc7
35. Rab3 Bc6 36. R3b2 f3 37. gxf3 exf3 38. Bd3 Rxd3 39. Rb3 Kd6 40. Ne3 Nf4 41.
Kh2 Ne2 42. Rd1 Rxd1 43. Nxd1 Rd8 44. Rb1 Kc5 45. Ne3 Nxc3 46. Ra1 Ra8 47. Rc1
Ne4 48. Ng4 Ra2 49. Re1 Nxf2 50. Nxf2 Rxf2+ 51. Kg1 Rg2+ 52. Kf1 Kxc4 53. Rxe6
Kd5 54. Rf6 Bb5+ 55. Ke1 f2+ 56. Rxf2 Rxf2 57. Kxf2 Ke4 58. Kg2 Bd7 59. Kh2 Kf3
{White resigns} 0-1

[Event "Team 45 45 League T54"]
[Site "Internet Chess Club"]
[Date "2012.09.14"]
[Round "5"]
[White "JohLeb"]
[Black "AtomicDog"]
[Result "1-0"]
[WhiteElo "1395"]
[BlackElo "1373"]
[Opening "Queen's pawn game"]
[ECO "E00"]
[Time "14:00:40"]
[TimeControl "2700+45"]

1. d4 Nf6 2. c4 e6 3. a3 d5 4. Nc3 c6 5. cxd5 exd5 6. Nf3 Bd6 7. e3 O-O 8. Be2
Bf5 9. Nh4 Bc8 10. Bd3 b6 11. Nf5 Re8 12. Nxd6 Qxd6 13. O-O Ba6 14. Re1 Bxd3 15.
Qxd3 Ng4 16. f4 Nf6 17. Bd2 Ne4 18. Rad1 Nd7 19. Nxe4 Rxe4 20. Rc1 h5 21. b4 h4
22. Qc3 Rc8 23. Rc2 Qg6 24. Bc1 h3 25. Qd2 Nf6 26. Qf2 Ng4 27. Qf3 Nxe3 28. Bxe3
{Black resigns} 1-0

[Event "Team 45 45 League T54"]
[Site "Internet Chess Club"]
[Date "2012.09.16"]
[Round "5"]
[White "lacibacsi"]
[Black "LittleWarrior"]
[Result "1-0"]
[WhiteElo "2057"]
[BlackElo "1949"]
[Opening "Sicilian: closed"]
[ECO "B24"]
[Time "16:21:27"]
[TimeControl "2700+45"]

1. e4 c5 2. Nc3 Nc6 3. g3 Nf6 4. Bg2 d6 5. h3 e5 6. d3 Be7 7. Nge2 h6 8. O-O O-O
9. f4 Bd7 10. f5 Nd4 11. Be3 Bc6 12. Qd2 Qc7 13. g4 b5 14. Ng3 Qb7 15. Bxh6 gxh6
16. Qxh6 Rfd8 17. g5 Bf8 18. Qh4 {Black resigns} 1-0